 Dungeon Crawl Stone Soup version 0.23.2-1-ga50397a6bc (webtiles) character file.

Game seed: 13322750356238383776

260074 KamiKatze the Severer (level 19, -11/128 HPs)
             Began as a Gargoyle Berserker on May 28, 2019.
             Was the Champion of Trog.
             Mangled by a deep troll (13 damage)
             ... led by an ironheart preserver
             ... on level 2 of the Vaults on May 29, 2019.
             The game lasted 03:31:22 (34286 turns).

KamiKatze the Severer (Gargoyle Berserker)         Turns: 34286, Time: 03:31:22

Health: -11/128    AC: 46    Str: 25    XL:     19   Next: 92%
Magic:  21/21      EV: 21    Int:  9    God:    Trog [******]
Gold:   3181       SH:  0    Dex: 12    Spells: 18/18 levels left

rFire    + + +     SeeInvis .   a - +4 battleaxe (chop)
rCold    + + .     Gourm    .   (shield currently unavailable)
rNeg     + + .     Faith    .   t - +0 storm dragon scales
rPois    ∞         Spirit   .   U - +2 helmet
rElec    +         Reflect  .   z - +4 cloak "Xokkefysk" {rF++ rC+ MR+}
rCorr    .         Harm     .   y - +2 pair of gloves
MR       ++...                  V - +0 pair of boots
Stlth    ..........             R - amulet of Rued {*Contam rF+ rC+ Regen+ Stlth+}
HPRegen  0.71/turn              S - ring "Hytopuop" {rN+ EV+3}
MPRegen  0.17/turn              H - +3 ring of evasion

@: flying
A: big wings, negative energy resistance 1, electricity resistance, unbreathing,
petrification resistance, rot immunity, AC +14
}: 2/15 runes: decaying, gossamer
a: Stop Flying, Berserk, Trog's Hand, Brothers in Arms, Renounce Religion


You were on level 2 of the Vaults.
You worshipped Trog.
Trog was exalted by your worship.
You were not hungry.

You visited 7 branches of the dungeon, and saw 34 of its levels.
You also visited: Ice Cave and Volcano.

You collected 3494 gold pieces.
You spent 313 gold pieces at shops.

Inventory:

Hand Weapons
 a - a +4 battleaxe of chopping (weapon)
 b - a +0 fustibalus of velocity
 e - a +3 antimagic battleaxe
 q - a +2 antimagic executioner's axe
 w - a +4 war axe of flaming
Missiles
 p - 4 throwing nets (quivered)
 s - 329 sling bullets
Armour
 t - +0 storm dragon scales (worn)
 y - a +2 pair of gloves (worn)
 z - the +4 cloak "Xokkefysk" (worn) {rF++ rC+ MR+}
   (You bought it in a shop on level 2 of the Orcish Mines)

   It greatly protects you from fire.
   It protects you from cold.
   It affects your resistance to hostile enchantments.
 P - the +6 crystal plate armour of Oxuh {+Inv rN+ Dex-3}
   (You acquired it on level 3 of the Spider Nest)

   It affects your dexterity (-3).
   It protects you from negative energy.
   It lets you turn invisible.
 U - a +2 helmet (worn)
 V - a +0 pair of boots (worn)
Jewellery
 g - a +2 ring of slaying
 x - an uncursed ring of protection from magic
 H - a +3 ring of evasion (right hand)
 R - the amulet of Rued (around neck) {*Contam rF+ rC+ Regen+ Stlth+}
   (You found it on level 8 of the Dungeon)

   [amulet of regeneration]

   It protects you from fire.
   It protects you from cold.
   It causes magical contamination when unequipped.
   It increases your rate of regeneration.
   It makes you more stealthy.
 S - the ring "Hytopuop" (left hand) {rN+ EV+3}
   (You found it on level 8 of the Dungeon)

   [ring of evasion]

   It affects your evasion (+3).
   It protects you from negative energy.
Wands
 f - a wand of iceblast (19)
 l - a wand of digging (4)
 o - a wand of enslavement (6)
 v - a wand of paralysis (6)
 D - a wand of clouds (19)
 F - a wand of acid (23)
 G - a wand of polymorph (17)
 J - a wand of disintegration (9)
 K - a wand of flame (19)
 L - a wand of scattershot (2)
Scrolls
 j - 3 scrolls of fear
 r - 2 scrolls of holy word
 B - 4 scrolls of fog
 E - 4 scrolls of blinking
 M - 5 scrolls of identify
 Q - 15 scrolls of teleportation
 T - 2 scrolls of magic mapping
 W - 11 scrolls of remove curse
 X - a scroll of torment
Potions
 d - 3 potions of haste
 h - 2 potions of ambrosia
 i - 7 potions of lignification
 k - 4 potions of invisibility
 m - a potion of resistance
 u - 12 potions of curing
 A - 4 potions of might
 C - 2 potions of cancellation
 I - 4 potions of agility
 Z - 5 potions of heal wounds
Comestibles
 c - 66 rations


   Skills:
 + Level 17.2 Fighting
 * Level 19.8 Axes
 - Level 4.0 Slings
 - Level 16.0 Armour
 - Level 13.0 Dodging
 - Level 3.0 Evocations


You had 18 spell levels left.
You didn't know any spells.
Your spell library was empty.

Dungeon Overview and Level Annotations

Branches:
Dungeon (15/15)            Temple (1/1) D:6            Lair (6/6) D:8
  Swamp (4/4) Lair:3       Spider (4/4) Lair:2        Slime (0/5) Lair:5
    Orc (2/2) D:9             Elf (0/3) Orc:2        Vaults (2/5) D:13
 Depths (0/5) D:15
  Crypt: Vaults:2-3

Altars:
Ashenzari
Cheibriados
Dithmenos
Elyvilon
Fedhas
Gozag
Hepliaklqana
Kikubaaqudgha
Makhleb
Nemelex Xobeh
Okawaru
Qazlal
Ru
Sif Muna
Trog
Uskayaw
Vehumet
Wu Jian
Xom
Yredelemnul
Zin
The Shining One
Beogh
Jiyva

Shops:
Orc:2 :[%?

Portals:
Pandemonium: Orc:2
Trove: D:13 (give +8 demon trident)

Annotations:
Lair:4 exclusion: 3 oklob plants
Orc:1 2 runed translucent doors, exclusion: orange crystal statue
Orc:2 3 runed translucent doors, Gargoyl's ghost, journeyman CeAK


Innate Abilities, Weirdness & Mutations

You are resistant to torment.
Your stone body is resilient. (AC +14)
You are immune to poison.
Your large and strong wings let you fly indefinitely.
You resist negative energy. (rN+)
You are resistant to electric shocks. (rElec)
You can survive without breathing.
You are immune to petrification.
You are immune to rotting.


Message History

The floating eye's stare focuses on you.
The deep troll bites you!!
* * * LOW HITPOINT WARNING * * *
The deep troll claws you!
* * * LOW HITPOINT WARNING * * *
The deep troll completely misses you. The green ugly thing trunk-slaps you.
* * * LOW HITPOINT WARNING * * *
The deep elf knight hits you but does no damage.
The deep troll bites you but does no damage.
The deep troll claws you but does no damage. x2
The deep elf mage hits you but does no damage.
The floating eye gazes piercingly through you!
You shrug off the repeated paralysis!
The orc warrior hits you but does no damage.
You can move again.
The sentinel's mark upon you fades away.
The deep elf knight misses you. The green ugly thing trunk-slaps you!
* * * LOW HITPOINT WARNING * * *
The deep troll closely misses you. The deep troll claws you!
You die...

.........p....[)...e...C
.............cpgge..gg..
########F#######
#...?G...# #...)p)..#
#...)c)..# #....))..#
#.o.eTuo(# #.(.e@[..#
#...oo...# #...o(...#
##########


You could see a yaktaur captain, an orc knight, a green ugly thing, a deep
troll, a vault sentinel, a deep elf knight, 2 deep elf magi, a blink frog, an
orc warrior, 2 boggarts, a floating eye, an orc wizard and 2 orcs.

Vanquished Creatures
  Nikola (Spider:4)
  Arachne (Spider:4)
  Frances (D:14)
  2 thorn hunters (Swamp:4)
  Agnes (Spider:1)
  A storm dragon (Vaults:1)
  Roxanne (Spider:1)
  3 ghost moths
  2 frost giants
  Aizul (Spider:1)
  6 emperor scorpions
  An ironheart preserver (Vaults:1)
  A curse skull (Vaults:2)
  A vault warden (Vaults:2)
  3 entropy weavers (Spider:4)
  A stone giant (Vaults:2)
  A dire elephant (Lair:2)
  A spark wasp (Spider:4)
  7 yaktaur captains
  An eidolon (Vaults:2)
  7 ogre magi
  4 fire dragons
  A jiangshi (Vaults:2)
  The ghost of Betimel the Spear-Bearer, a journeyman MfGl of Okawaru (Lair:1)
  16 hydras
  2 ghost crabs
  3 catoblepae (Lair:6)
  4 centaur warriors
  A death knight (D:13)
  2 ice dragons
  28 two-headed ogres
  2 dancing weapons (D:13)
  13 death yaks
  9 orc high priests (Orc:2)
  8 alligators
  A deep troll shaman (Vaults:2)
  A hell hog (Volcano)
  A sun demon (Orc:2)
  2 fire crabs (Swamp:4)
  A deep elf knight (Vaults:2)
  A sixfirhy (Orc:2)
  5 skeletal warriors
  2 spriggan druids
  2 infernal demonspawn (Orc:2)
  3 unseen horrors
  2 deep elf archers (Vaults:1)
  A death drake (shapeshifter) (Vaults:1)
  7 swamp dragons
  5 ironbrand convokers
  A lindwurm (Swamp:4)
  2 deep trolls (Vaults:2)
  A gelid demonspawn (Orc:2)
  A phantasmal warrior (D:13)
  20 orb spiders
  6 orc sorcerers
  12 orc knights
  18 ugly things
  A cyclops (Vaults:1)
  30 wolf spiders
  5 moths of wrath
  5 manticores
  A cyclops (shapeshifter) (D:14)
  A black mamba (Lair:6)
  21 elephants
  A rust devil (Orc:2)
  2 centaur zombies
  3 torpor snails
  2 vault sentinels
  3 gargoyles
  2 ice statues (IceCv)
  8 centaur skeletons
  A kobold demonologist (D:12)
  A molten gargoyle (Volcano)
  2 freezing wraiths
  15 yaktaurs
  4 rime drakes
  7 komodo dragons
  10 spiny frogs
  10 demonic crawlers
  An ice devil (Orc:2)
  7 trolls
  A polar bear (Lair:5)
  A tengu conjurer (D:8)
  24 jumping spiders
  13 tyrant leeches
  14 blink frogs
  3 bog bodies
  19 hornets
  26 slime creatures
  4 hippogriffs
  10 spriggans
  The ghost of drh69 the Digger, an amateur GrEE (D:4)
  A centaur simulacrum (D:15)
  3 shadows
  71 redbacks
  5 wyverns
  A hog (shapeshifter) (D:14)
  24 tarantellas
  6 wraiths
  77 yaks
  2 fire bats (Volcano)
  A basilisk (D:15)
  5 steam dragons
  17 vampire mosquitoes
  4 hungry ghosts
  13 insubstantial wisps
  12 water moccasins
  21 swamp worms
  4 wargs
  4 acid dragons
  10 swamp drakes
  7 porcupines
  A hell hound (Volcano)
  28 orc warriors
  6 black bears
  6 sky beasts
  12 ice beasts
  An eye of draining (D:15)
  A necrophage (D:8)
  4 phantoms
  10 boggarts
  24 ogres
  5 wolves
  11 centaurs
  14 crocodiles
  3 big kobolds
  22 bullfrogs
  A wyvern skeleton (D:14)
  9 scorpions
  6 killer bees (D:10)
  2 troll zombies (D:9)
  14 wights
  3 howler monkeys
  An electric eel (Lair:4)
  5 jellies
  11 crimson imps
  A bullfrog zombie (D:12)
  5 lava snakes
  3 quasits
  3 gnoll shamans (D:4)
  34 orc priests
  7 hounds
  An iron imp (D:9)
  23 orc wizards
  3 iguanas
  19 worker ants
  6 ogre zombies (D:9)
  A hound skeleton (D:3)
  2 worker ant zombies
  17 adders
  43 gnolls
  5 river rats (D:6)
  5 shadow imps
  3 oozes
  An adder skeleton (D:10)
  3 worms
  3 dart slugs
  2 leopard geckos
  112 orcs
  3 giant cockroaches
  7 goblins
  7 hobgoblins
  19 jackals
  13 quokkas
  2 ball pythons
  10 bats
  6 frilled lizards
  4 goblin zombies (D:9)
  2 hobgoblin skeletons (D:9)
  2 hobgoblin zombies (D:9)
  28 kobolds
  2 leopard gecko skeletons
  5 orc skeletons (D:9)
  12 orc zombies (D:9)
  A quokka skeleton (D:5)
  14 rats
  5 briar patches (Swamp:4)
  14 fungi
  4 plants
1442 creatures vanquished.

Vanquished Creatures (others)
  An ironheart preserver (Vaults:2)
  An alligator (Swamp:4)
  An unseen horror (D:11)
  An ugly thing (Vaults:1)
  A redback (Spider:4)
  2 swamp drakes (Swamp:4)
  A lava snake (Volcano)
  A briar patch (Swamp:4)
  27 fungi
  10 plants
  2 withered plants (Lair:1)
48 creatures vanquished.

Grand Total: 1490 creatures vanquished

Notes
Turn   | Place    | Note
-------+----------+-------------------------------------------
     0 | D:1      | KamiKatze the Gargoyle Berserker began the quest for the
                  | Orb.
     0 | D:1      | Reached XP level 1. HP: 14/14 MP: 1/1
   241 | D:1      | Reached skill level 3 in Axes
   241 | D:1      | Reached XP level 2. HP: 15/19 MP: 2/2
  1120 | D:2      | Noticed a howler monkey
  1133 | D:2      | Killed a howler monkey
  1133 | D:2      | Reached XP level 3. HP: 13/24 MP: 3/3
  1133 | D:2      | Reached XP level 4. HP: 16/29 MP: 4/4
  1190 | D:2      | Reached skill level 4 in Axes
  1237 | D:2      | Reached ** piety under Trog
  1620 | D:2      | Found a bloodstained altar of Trog.
  1673 | D:2      | Reached XP level 5. HP: 31/34 MP: 5/5
  2683 | D:3      | Reached skill level 5 in Axes
  2683 | D:3      | Reached XP level 6. HP: 38/40 MP: 6/6
  2790 | D:3      | Found an iron altar of Okawaru.
  3141 | D:4      | Reached *** piety under Trog
  3141 | D:4      | Reached skill level 1 in Slings
  3199 | D:4      | Found a sparkling altar of Nemelex Xobeh.
  3222 | D:4      | Reached skill level 5 in Fighting
  3367 | D:4      | Found a sacrificial altar of Ru.
  3379 | D:4      | Found a runed translucent gate.
  3379 | D:4      | Found a runed translucent gate.
  3380 | D:4      | Found a runed translucent gate.
  3380 | D:4      | Noticed drh69's ghost (amateur GrEE)
  4088 | D:4      | Reached XP level 7. HP: 38/44 MP: 7/7
  4112 | D:4      | HP: 2/44 [gnoll/+0 halberd (9)]
  4136 | D:4      | Reached skill level 6 in Axes
  4496 | D:4      | Reached XP level 8. HP: 51/51 MP: 8/8
  4560 | D:5      | Entered Level 5 of the Dungeon
  4684 | D:5      | Found a shattered altar of Ashenzari.
  4723 | D:5      | Reached skill level 1 in Evocations
  4830 | D:5      | Reached **** piety under Trog
  4940 | D:4      | Reached skill level 7 in Axes
  5186 | D:5      | Found an ancient bone altar of Kikubaaqudgha.
  5391 | D:5      | Found a deep blue altar of Sif Muna.
  5405 | D:5      | Found a radiant altar of Vehumet.
  5593 | D:6      | Found a staircase to the Ecumenical Temple.
  5620 | Temple   | Entered the Ecumenical Temple
  5755 | D:6      | Found a sparkling altar of Nemelex Xobeh.
  5850 | D:6      | Found a burning altar of Makhleb.
  5867 | D:6      | Reached XP level 9. HP: 51/56 MP: 10/10
  5935 | D:6      | Got an aquamarine-studded scale mail
  5946 | D:6      | Identified the cursed +0 scale mail of the Sky {Str+3} (You
                  | found it on level 6 of the Dungeon)
  6398 | D:7      | Reached skill level 8 in Axes
  6622 | D:7      | Reached ***** piety under Trog
  6628 | D:7      | Reached skill level 5 in Armour
  7335 | D:8      | Noticed a komodo dragon
  7336 | D:8      | Noticed a tengu conjurer
  7344 | D:8      | Reached skill level 9 in Axes
  7344 | D:8      | Reached XP level 10. HP: 64/64 MP: 11/11
  7416 | D:8      | Noticed a six-headed hydra
  7441 | D:8      | Killed a two-headed hydra
  7497 | D:8      | Reached skill level 5 in Dodging
  7508 | D:8      | Received a gift from Trog
  7655 | D:8      | Got a glittering amethyst amulet
  7656 | D:8      | Identified the Almanac of Evil Self-Improvement
  7657 | D:8      | Got a fine silver ring
  7661 | D:8      | Got a brightly glowing broad axe
  7665 | D:8      | Identified the ring "Hytopuop" {rN+ EV+3} (You found it on
                  | level 8 of the Dungeon)
  7667 | D:8      | Identified the amulet of Rued {*Contam rF+ rC+ Regen+
                  | Stlth+} (You found it on level 8 of the Dungeon)
  7670 | D:8      | Identified the +10 broad axe of Propriety {chop, *Corrode
                  | rElec rF+ Str+4} (You found it on level 8 of the Dungeon)
  7851 | D:8      | Reached skill level 10 in Axes
  7889 | D:8      | Found a staircase to the Lair.
  7909 | D:8      | Received a gift from Trog
  8161 | D:8      | Reached XP level 11. HP: 71/71 MP: 12/12
  8394 | D:9      | Found a snail-covered altar of Cheibriados.
  8396 | D:9      | Noticed a two-headed ogre
  8407 | D:9      | Killed a two-headed ogre
  8444 | D:9      | Paralysed by an orc priest for 3 turns
  8649 | D:9      | Found a staircase to the Orcish Mines.
  8693 | D:9      | Found a hazy altar of Hepliaklqana.
  8804 | D:9      | Found a glowing golden altar of the Shining One.
  8910 | D:9      | Received a gift from Trog
  9026 | D:10     | Entered Level 10 of the Dungeon
  9105 | D:10     | Reached skill level 11 in Axes
  9200 | D:10     | Reached skill level 10 in Fighting
  9422 | D:10     | Found a hazy altar of Hepliaklqana.
  9768 | Lair:1   | Entered Level 1 of the Lair of Beasts
  9908 | Lair:1   | Reached XP level 12. HP: 70/77 MP: 13/13
 10145 | Lair:1   | Found a runed translucent door.
 10146 | Lair:1   | Noticed Betimel's ghost (journeyman MfGl)
 10680 | Lair:2   | Reached skill level 12 in Axes
 10724 | Lair:2   | Noticed a dire elephant
 10751 | Lair:2   | Killed a dire elephant
 11069 | Lair:2   | Found a hole to the Spider Nest.
 11381 | Lair:2   | Reached XP level 13. HP: 76/84 MP: 15/15
 11776 | Lair:3   | Found a staircase to the Swamp.
 11852 | Lair:3   | Reached skill level 10 in Armour
 11959 | Lair:3   | Reached ****** piety under Trog
 11959 | Lair:3   | Received a gift from Trog
 12124 | Lair:3   | Found a dark tunnel.
 12130 | Volcano  | Entered a volcano
 12414 | Volcano  | Found a bloodstained altar of Trog.
 12436 | Volcano  | Noticed a fire dragon
 12448 | Volcano  | Killed a fire dragon
 12487 | Volcano  | Reached skill level 13 in Axes
 12916 | Lair:4   | Received a gift from Trog
 13294 | Lair:4   | Received a gift from Trog
 13789 | Lair:5   | Found a frozen archway.
 13808 | IceCv    | Entered an ice cave
 13823 | IceCv    | Found a transporter.
 13840 | IceCv    | Found a transporter.
 13847 | IceCv    | Received a gift from Trog
 14098 | Lair:5   | Gained mutation: Your large and strong wings let you fly
                  | indefinitely. [Gargoyle growth]
 14098 | Lair:5   | Reached XP level 14. HP: 70/92 MP: 16/16
 14483 | Lair:5   | Reached skill level 14 in Axes
 14489 | Lair:5   | Found a viscous altar of Jiyva.
 14489 | Lair:5   | Found a staircase to the Slime Pits.
 14892 | Orc:1    | Entered Level 1 of the Orcish Mines
 14950 | Orc:1    | Paralysed by an orc sorcerer for 6 turns
 15047 | Orc:1    | Received a gift from Trog
 15271 | Orc:1    | Found a runed translucent door.
 15283 | Orc:1    | Found the +10 large shield of Ignorance {rN+ Int-4}
 15326 | Orc:1    | Found a runed translucent door.
 15419 | Orc:1    | Received a gift from Trog
 15576 | Orc:2    | Entered Level 2 of the Orcish Mines
 15576 | Orc:2    | Found a roughly hewn altar of Beogh.
 16221 | Orc:2    | Found a staircase to the Elven Halls.
 16279 | Orc:2    | Found a runed translucent gate.
 16279 | Orc:2    | Found a runed translucent gate.
 16279 | Orc:2    | Found a runed translucent gate.
 16285 | Orc:2    | Noticed Gargoyl's ghost (journeyman CeAK)
 16431 | Orc:2    | Found Nommoi's Food Shoppe.
 16445 | Orc:2    | Found Konecumu's Magic Scroll Emporium.
 17129 | Orc:2    | Received a gift from Trog
 17174 | Orc:2    | Found Oshruok's Antique Armour Boutique.
 17174 | Orc:2    | Found a one-way gate leading to the halls of Pandemonium.
 17174 | Orc:2    | Found Ikyev's Book Shop.
 17183 | Orc:2    | Bought a jewelled cloak for 313 gold pieces
 17194 | Orc:2    | Identified the +4 cloak "Xokkefysk" {rF++ rC+ MR+} (You
                  | bought it in a shop on level 2 of the Orcish Mines)
 17458 | D:4      | Killed drh69's ghost
 17639 | Lair:1   | Killed Betimel's ghost
 17928 | D:11     | Found a sacrificial altar of Ru.
 18012 | D:11     | Found a runed translucent door.
 18208 | D:11     | You fall through a shaft!
 18289 | D:12     | Reached XP level 15. HP: 98/98 MP: 17/17
 18719 | D:11     | Reached skill level 15 in Axes
 19213 | D:12     | Received a gift from Trog
 19683 | D:13     | Found a portal to a secret trove of treasure.
 19867 | D:13     | Reached skill level 10 in Dodging
 20344 | D:13     | Found a gate to the Vaults.
 20812 | D:14     | Noticed Frances
 20825 | D:14     | Killed Frances
 20869 | D:14     | Found an ornate altar of the Wu Jian Council.
 21266 | D:15     | Entered Level 15 of the Dungeon
 21393 | D:15     | Received a gift from Trog
 21658 | D:15     | Reached XP level 16. HP: 103/105 MP: 9/18
 21709 | D:15     | Found a staircase to the Depths.
 21717 | D:15     | Reached skill level 16 in Axes
 22191 | Lair:6   | Entered Level 6 of the Lair of Beasts
 22196 | Lair:6   | Received a gift from Trog
 23258 | Lair:6   | Got a faintly humming chain mail
 23272 | Lair:6   | Identified the +1 chain mail "Tuges" {Stlth+} (You found it
                  | on level 6 of the Lair of Beasts)
 23536 | Swamp:1  | Entered Level 1 of the Swamp
 23617 | Swamp:1  | Received a gift from Trog
 23981 | Swamp:1  | Received a gift from Trog
 25420 | Swamp:3  | Reached skill level 17 in Axes
 25420 | Swamp:3  | Reached XP level 17. HP: 102/112 MP: 19/19
 25780 | Swamp:3  | Received a gift from Trog
 25819 | Swamp:4  | Entered Level 4 of the Swamp
 26273 | Swamp:3  | Reached skill level 15 in Fighting
 26792 | Swamp:4  | Got a decaying rune of Zot
 27031 | Spider:1 | Entered Level 1 of the Spider Nest
 27152 | Spider:1 | Noticed Roxanne
 27288 | Spider:1 | Killed Roxanne
 27314 | Spider:1 | Noticed Agnes
 27330 | Spider:1 | Killed Agnes
 27501 | Spider:1 | Received a gift from Trog
 27635 | Spider:1 | Noticed Aizul
 27659 | Spider:1 | Killed Aizul
 28612 | Spider:2 | Received a gift from Trog
 28901 | Spider:3 | Reached XP level 18. HP: 108/119 MP: 20/20
 28921 | Spider:3 | Reached skill level 18 in Axes
 28930 | Spider:3 | Identified a scroll of acquirement
 28986 | Spider:3 | Received a gift from Trog
 29275 | Spider:3 | Reached skill level 15 in Armour
 29315 | Spider:3 | Got a pitted crystal plate armour
 29326 | Spider:3 | Identified the +6 crystal plate armour of Oxuh {+Inv rN+
                  | Dex-3} (You acquired it on level 3 of the Spider Nest)
 29723 | Spider:4 | Entered Level 4 of the Spider Nest
 30744 | Spider:4 | Noticed Nikola
 30752 | Spider:4 | Received a gift from Trog
 30780 | Spider:4 | Killed Nikola
 31088 | Spider:4 | Noticed Arachne
 31381 | Spider:4 | Got a gossamer rune of Zot
 31450 | Spider:4 | Killed Arachne
 31714 | Vaults:1 | Entered Level 1 of the Vaults
 31857 | Vaults:1 | Reached XP level 19. HP: 126/126 MP: 21/21
 31977 | Vaults:1 | Received a gift from Trog
 32280 | Vaults:1 | Reached skill level 19 in Axes
 32888 | Vaults:1 | Received a gift from Trog
 34023 | Vaults:2 | Received a gift from Trog
 34282 | Vaults:2 | Paralysed by a floating eye for 3 turns
 34286 | Vaults:2 | HP: 2/128 [green ugly thing[a boggart] (9)]
 34286 | Vaults:2 | Mangled by a deep troll

Skill      XL: |  1  2  3  4  5  6  7  8  9 10 11 12 13 14 15 16 17 18 19 |
---------------+----------------------------------------------------------+-----
Axes           | 3 4 5 6 7 9 10 11 12 13 14 15 17 18 19 | 19.8
Fighting       | 4 5 6 8 9 10 11 12 13 14 15 16 17 | 17.2
Slings         | 1 2 3 4 |  4.0
Dodging        | 3 4 5 6 7 8 9 10 11 12 13 | 13.0
Armour         | 4 5 7 8 9 10 12 13 14 15 16 | 16.0
Evocations     | 2 3 |  3.0

Action                   |  1- 3 |  4- 6 |  7- 9 | 10-12 | 13-15 | 16-18 | 19-21 || total
-------------------------+-------+-------+-------+-------+-------+-------+-------++-------
Melee: Hand axe          |    67 |   371 |       |       |       |       |       ||   438
       War axe           |       |    28 |   312 |   539 |    40 |   152 |       ||  1071
       Broad axe         |       |       |       |    56 |  1068 |   923 |       ||  2047
       Battleaxe         |       |       |       |       |       |   257 |   468 ||   725
 Fire: Hunting sling     |       |       |    22 |       |       |       |       ||    22
       Fustibalus        |       |       |       |    12 |    27 |   111 |       ||   150
Throw: Stone             |       |    12 |       |       |       |       |       ||    12
Invok: Berserk           |       |     2 |       |       |       |     1 |       ||     3
       Trog's Hand       |       |       |     4 |     3 |     5 |     6 |     1 ||    19
 Abil: Fly               |       |       |       |       |       |     1 |       ||     1
Evoke: Wand              |       |       |       |       |       |     4 |     1 ||     5
  Use: Scroll            |     2 |     6 |     1 |    14 |    11 |     9 |       ||    43
       Potion            |       |       |     1 |       |     1 |     4 |       ||     6
 Stab: Petrified         |       |       |       |       |       |     6 |       ||     6
       Confused          |       |       |       |       |       |     2 |       ||     2
       Petrifying        |       |       |       |       |       |     1 |       ||     1
  Eat: Chunk             |     1 |    12 |    12 |    20 |    36 |    31 |     7 ||   119
       Ration            |       |       |       |       |       |     2 |     1 ||     3
Armor: Animal skin       |    17 |       |       |       |       |       |       ||    17
       Leather armour    |    18 |   240 |    38 |       |       |       |       ||   296
       Chain mail        |       |       |    30 |     6 |   462 |   811 |    40 ||  1349
       Scale mail        |       |       |    98 |   308 |       |       |       ||   406
       Storm dragon scal |       |       |       |       |       |       |   245 ||   245
Dodge: Dodged            |    44 |   268 |   158 |   432 |   802 |  1295 |   389 ||  3388
Block: Buckler           |     1 |    32 |    34 |    77 |   118 |   116 |       ||   378
